 Dungeon Crawl Stone Soup version 0.28-a0-1190-g77e1c55843 (webtiles) character file.

Game seed: 17845232213283557465

282 greenreed the Grave Robber (level 6, 0/41 HPs)
             Began as a Demonspawn Necromancer on Dec 18, 2021.
             Slain by a wyvern zombie (8 damage)
             ... on level 5 of the Dungeon.
             The game lasted 00:30:51 (5614 turns).

greenreed the Grave Robber (Demonspawn Necromancer) Turns: 5614, Time: 00:30:52

Health: 0/41       AC:  6    Str: 14    XL:     6   Next: 6%
Magic:  11/11      EV: 12    Int: 19    God:
Gold:   322        SH:  0    Dex: 13    Spells: 5/11 levels left

rFire   . . .      SeeInvis .     - Unarmed
rCold   . . .      Faith    .   (no shield)
rNeg    . . .      Spirit   .   a - +0 robe
rPois   .          Reflect  .   (no helmet)
rElec   .          Harm     .   r - +2 cloak
rCorr   .          Rampage  .   (no gloves)
Will    .....                   (no boots)
Stlth   ++........              f - amulet of magic regeneration
HPRegen 0.13/turn               m - +6 ring of strength
MPRegen 0.52/turn               (no ring)

@: no status effects
A: sharp scales 1, demonic magic 1, demonic touch 1
a: no special abilities


You were on level 5 of the Dungeon.
You visited 1 branch of the dungeon, and saw 5 of its levels.

You collected 322 gold pieces.

Inventory:

Hand Weapons
 j - a +1 dagger of venom
Armour
 a - a +0 robe (worn)
 g - a +0 cloak
 o - a +0 helmet
 r - a +2 cloak (worn)
Jewellery
 f - an amulet of magic regeneration (around neck)
 k - an amulet of regeneration
 m - a +6 ring of strength (left hand)
Wands
 n - a wand of polymorph (1)
 q - a wand of mindburst (6)
Scrolls
 c - a scroll of enchant weapon {unknown}
 i - a scroll of teleportation {unknown}
 l - 2 scrolls of noise {unknown}
 p - a scroll of amnesia {unknown}
Potions
 b - 4 potions of curing
 d - a potion of berserk rage {unknown}
 e - 2 potions of brilliance {unknown}
 h - 2 potions of might {unknown}


   Skills:
 + Level 1.8 Dodging
 + Level 2.4 Stealth
 * Level 1.1 Unarmed Combat
 + Level 3.4 Spellcasting
 + Level 6.6 Necromancy


You had 5 spell levels left.
You knew the following spells:

 Your Spells              Type           Power      Damage    Failure   Level
a - Pain                  Necr           100%       1d9       1%          1
b - Animate Skeleton      Necr           56%        N/A       1%          1
c - Animate Dead          Necr           14%        N/A       10%         4

Your spell library contained the following spells:

 Spells                   Type           Power      Damage    Failure   Level
 Vampiric Draining        Necr           28%        2d8       2%          3
 Agony                    Necr           28%        N/A       26%         5
 Call Canine Familiar     Summ           3%         N/A       41%         3
 Portal Projectile        Hex/Tloc       6%         N/A       41%         3
 Leda's Liquefaction      Hex/Erth       1%         N/A       82%         4


Dungeon Overview and Level Annotations

Branches:
Dungeon (5/15)
 Temple: D:4-7

Altars:
Ashenzari
Gozag
Kikubaaqudgha
Okawaru
Wu Jian
The Shining One

Shops:
D:4 (

Annotations:
D:4 Edmund, Grinder


Innate Abilities, Weirdness & Mutations

You are partially covered in razor-sharp scales. (AC +1, Slay +1)
Spells you cast may paralyse adjacent enemies.
Your touch may inflict minor irresistible damage on your foes.


Message History

Level annotation: Edmund, Grinder
There is a stone staircase leading down here.
There is a stone staircase leading down here.
You climb downwards.
Found a runed cloak.
There is a stone staircase leading up here.
You see here a +2 cloak.
r - a +2 cloak
Okay, then.
You start removing your armour.
You continue taking off your +0 cloak. x4
You finish taking off your +0 cloak.
You start putting on your armour.
You continue putting on your +2 cloak. x5
You finish putting on your +2 cloak.
A wyvern zombie is nearby!
Press: ? - help, v - describe, . - travel The floor.
Casting: Pain (safe; 1% risk of failure)
Confirm with . or Enter, or press ? or * to list all spells.
Okay, then.
Okay, then.
Casting: Pain (safe; 1% risk of failure)
Confirm with . or Enter, or press ? or * to list all spells.
Okay, then.
The wyvern zombie closely misses you. The wyvern zombie bites you!
There is a stone staircase leading up here.
The wyvern zombie bites you. x2
You climb upwards.
Level annotation: Edmund, Grinder
There is a stone staircase leading down here.
You start resting.
Grinder is nearby!
There is a stone staircase leading down here.
Grinder shouts!
You climb downwards.
The wyvern zombie bites you!
* * * LOW HITPOINT WARNING * * *
The wyvern zombie bites you.
* * * LOW HITPOINT WARNING * * *
There is a stone staircase leading up, spattered with blood here.
The wyvern zombie bites you!
You die...

#..#. #..#.## .....# # .
##......## ..#.....#..# .
..# .. ........#..#..# ..#
#.................# ..#
#...... ##.Z@.#
..##........#....##
.................## .
..................### #..
Z.......##..........##....
<......####...............
.Z......##..........##....
..............####.## ##.
.............. #..


You could see a wyvern zombie.

Vanquished Creatures
  An orc priest (D:3)
  2 orc wizards
  Robin (D:2)
  8 adders
  2 dart slugs
  7 orcs
  3 bats
  7 endoplasms
  3 giant cockroaches
  14 goblins
  8 hobgoblins
  6 jackals (D:1)
  3 kobolds
  2 quokkas (D:1)
  9 ball pythons
  9 frilled lizards
  10 rats
95 creatures vanquished.

Vanquished Creatures (collateral kills)
  An adder (D:2)
  A ball python (D:2)
  A giant cockroach (D:1)
  A goblin (D:2)
4 creatures vanquished.

Grand Total: 99 creatures vanquished

Notes
Turn   | Place    | Note
-------+----------+-------------------------------------------
     0 | D:1      | greenreed the Demonspawn Necromancer began the quest for
                  | the Orb.
     0 | D:1      | Reached XP level 1. HP: 13/13 MP: 3/3
     2 | D:1      | Learned a level 1 spell: Animate Skeleton
   353 | D:1      | Gained mutation: You are partially covered in razor-sharp
                  | scales. (AC +1, Slay +1) [demonic ancestry]
   353 | D:1      | Reached XP level 2. HP: 14/19 MP: 0/5
   556 | D:1      | Found a faded altar of an unknown god.
   918 | D:1      | Reached skill level 5 in Necromancy
  1187 | D:1      | Reached XP level 3. HP: 22/24 MP: 4/6
  2138 | D:2      | Noticed Robin
  2168 | D:2      | Reached XP level 4. HP: 21/30 MP: 3/7
  2453 | D:2      | Learned a level 4 spell: Animate Dead
  2678 | D:2      | Found an ancient bone altar of Kikubaaqudgha.
  2972 | D:2      | Killed Robin
  3309 | D:3      | Reached skill level 6 in Necromancy
  3328 | D:2      | Gained mutation: Your touch may inflict minor irresistible
                  | damage on your foes. [demonic ancestry]
  3328 | D:2      | Reached XP level 5. HP: 3/35 MP: 7/9
  3728 | D:3      | Found an ornate altar of the Wu Jian Council.
  3909 | D:3      | Found an opulent altar of Gozag.
  3912 | D:3      | Found an iron altar of Okawaru.
  4244 | D:4      | Noticed Grinder
  4347 | D:4      | Reached skill level 1 in Unarmed Combat
  4446 | D:4      | Found Yczoemuw's Weapon Shop.
  4618 | D:4      | Noticed Edmund
  4869 | D:4      | Gained mutation: Spells you cast may paralyse adjacent
                  | enemies. [demonic ancestry]
  4869 | D:4      | Reached XP level 6. HP: 38/41 MP: 8/11
  5171 | D:4      | Found a broken altar of Ashenzari.
  5216 | D:5      | Entered Level 5 of the Dungeon
  5614 | D:5      | Slain by a wyvern zombie

Illustrated notes

Levels and vault maps discovered:
D:1:      psy_arrival_radial01, layout_basic, hellmonk_ecumenical_altar_run_dry,
          nrook_uturn, st_stairs_6, hangedman_decor_riveting, minmay_tripent
D:2:      layout_rooms, basic_altar, uniq_robin
D:3:      layout_basic, minitemple, nicolae_wu_jian_wuxing_cycle
D:4:      layout_cave_pools, mainiacjoe_overflow_small_starburst, serial_shops,
          shop_coins, uniq_grinder, uniq_edmund
D:5:      layout_cave_pools, led_xom_imps, gammafunk_temple_overflow_elements,
          lemuel_mausoleum_altar_kikubaaqudgha, yredelemnul_altar_generic,
          ebering_ghost_sewer_f

Skill      XL: |  1  2  3  4  5 |
---------------+----------------+-----
Stealth        | 2 |  2.4
Necromancy     | 5 6 |  6.6
Spellcasting   | 3 |  3.4
Unarmed Combat | 1 |  1.1
Dodging        | |  1.8

Action                   |  1- 3 |  4- 6 || total
-------------------------+-------+-------++-------
Melee: Unarmed           |     4 |    15 ||    19
       Touch             |       |     2 ||     2
 Cast: Pain              |    78 |   116 ||   194
       Animate Skeleton  |     7 |    11 ||    18
Armor: Robe              |     8 |    12 ||    20
       Skin              |       |     3 ||     3
Dodge: Dodged            |    16 |    20 ||    36

Table legend: (Time is in decaauts)
 A = Elapsed time spent in this place.
 B = Non-inter-level travel time spent in this place.
 C = Inter-level travel time spent in this place.
 D = Time resting spent in this place.
 E = Time spent auto-exploring this place.
 F = Levels seen in this place.
 G = Mean time per level.
                   A        B        C        D        E       F      G
               +--------+--------+--------+--------+--------+-----+--------+
         Total |   5618 |   5219 |    399 |   1715 |   2283 |   5 | 1123.6 |
       Dungeon |   5618 |   5219 |    399 |   1715 |   2283 |   5 | 1123.6 |
               +--------+--------+--------+--------+--------+-----+--------+

Top non-repeatable levels by time:
     D:1: 1983 daAuts
     D:2: 1472 daAuts
     D:4: 1200 daAuts
     D:3: 917 daAuts
     D:5: 45 daAuts
